 Dungeon Crawl Stone Soup version 0.18-a0-1043-g4533410 (webtiles) character file.

167 Crabhammer the Charlatan (level 5, 0/41 HPs)
             Began as a Mummy Artificer on Jan 10, 2016.
             Slain by an orc warrior
             ... wielding a +0 halberd
              (10 damage)
             ... on level 3 of the Dungeon.
             The game lasted 00:12:51 (4129 turns).

Crabhammer the Charlatan (Mummy Artificer)          Turns: 4129, Time: 00:12:51

Health: 0/41       AC:  8    Str: 15    XL:     5   Next: 23%
Magic:  7/7        EV:  6    Int: 11    God:
Gold:   99         SH:  0    Dex: 13    Spells: 0 memorised, 4 levels left

rFire  x . .     SeeInvis .     a - +0 mace
rCold  + . .     Gourm    .     b - +0 chain mail
rNeg   + + +     Faith    .     (no shield)
rPois  ∞         Spirit   .     (no helmet)
rElec  .         Dismiss  .     (no cloak)
rCorr  .         Reflect  .     (no gloves)
SustAt .         Harm     .     (no boots)
MR     .....                    (no amulet)
Stlth  ..........               (no ring)
                                (no ring)

@: not resistant to hostile enchantments, extremely unstealthy
A: no food or potions, fire vulnerability, cold resistance 1, negative energy
resistance 3, torment resistance, unbreathing
a: no special abilities


You were on level 3 of the Dungeon.
You were not hungry.

You visited 1 branch of the dungeon, and saw 3 of its levels.

You collected 99 gold pieces.

Inventory:

Hand Weapons
 a - a +0 mace (weapon)
Armour
 b - a +0 chain mail (worn)
Jewellery
 j - an uncursed ring of teleportation
Wands
 c - a wand of flame (9/48)
 d - a wand of enslavement (10/24)
 e - a wand of random effects (7/48)
 g - a wand of flame (24/48)
Scrolls
 f - a scroll of fog
 h - 5 scrolls of identify
 i - 2 scrolls of remove curse
 k - a scroll of amnesia {unknown}
 l - a scroll of recharging {unknown}


   Skills:
 * Level 3.0 Fighting
   Level 0.7 Short Blades
 * Level 2.0 Maces & Flails
 + Level 1.5 Armour
 - Level 1.5 Dodging
 - Level 0.7 Stealth
 - Level 3.0 Evocations


You had 4 spell levels left.
You didn't know any spells.

Dungeon Overview and Level Annotations

Branches:
Dungeon (3/15)

Altars:


Innate Abilities, Weirdness & Mutations

You do not eat or drink.
Your flesh is vulnerable to fire.
You are immune to poison.
Your flesh is cold resistant.
You are immune to negative energy.
You are immune to unholy pain and torment.
You can survive without breathing.


Message History

Zapping:
c - a wand of flame (11/48)
Press: ? - help, Shift-Dir - straight line, f/p - orc warrior
Aim: an orc warrior, wielding a halberd and wearing a chain mail (severely wounded)
The puff of flame hits the orc warrior.
The orc warrior is almost dead.
This wand has 10 charges left.
The orc warrior hits you with a halberd!
You hit the orc warrior but do no damage.
The orc warrior is almost dead.
The orc warrior hits you with a halberd!
* * * LOW HITPOINT WARNING * * *
Evoke which item? (* to show all) (? for menu, Esc to quit)
Zapping:
c - a wand of flame (10/48)
Press: ? - help, Shift-Dir - straight line, f/p - orc warrior
Aim: an orc warrior, wielding a halberd and wearing a chain mail (almost dead)
The puff of flame hits the orc warrior.
The orc warrior appears unharmed.
The orc warrior is almost dead.
This wand has 9 charges left.
The orc warrior hits you with a halberd!
You die...

###....##.....####.#
#####
..#.#♣.♣###.### #.#
#.#.##.# #.# #.#
<...##.# #.# #.#
.##.##.# #.# #.#
.##.##.####.#♣#♣#♣.♣
...÷...............#
##...........♣..o..♣
#..............@..#
#.......###.♣.....♣
##.##.### #.......#
#.##.# #.♣.♣.♣.♣
#.##.# #####...#
#.##.# ##### #.##.#
#.##.# #.##.#


You could see an orc warrior.

Vanquished Creatures
  5 adders
  2 oozes
  5 worms
  3 giant geckos
  An orc (D:3)
  2 giant cockroaches
  7 goblins
  12 hobgoblins
  3 jackals (D:1)
  A quokka (D:3)
  A ball python (D:3)
  11 bats
  3 giant newts (D:2)
  5 kobolds
  8 rats
69 creatures vanquished.

Vanquished Creatures (collateral kills)
  2 orc wizards (D:3)
2 creatures vanquished.

Vanquished Creatures (others)
  An orc wizard (D:3)
1 creature vanquished.

Grand Total: 72 creatures vanquished

Notes
Turn   | Place    | Note
--------------------------------------------------------------
     0 | D:1      | Crabhammer the Mummy Artificer began the quest for the Orb.
     0 | D:1      | Reached XP level 1. HP: 15/15 MP: 2/2
   402 | D:1      | Reached XP level 2. HP: 15/21 MP: 4/4
  1096 | D:2      | Reached skill level 3 in Evocations
  1172 | D:2      | Reached XP level 3. HP: 26/26 MP: 5/5
  1457 | D:2      | Reached skill level 1 in Maces & Flails
  1457 | D:2      | Reached skill level 1 in Armour
  2369 | D:2      | Reached XP level 4. HP: 33/33 MP: 6/6
  3760 | D:3      | Reached XP level 5. HP: 29/40 MP: 7/7
  3943 | D:3      | Noticed an orc warrior
  4129 | D:3      | Slain by an orc warrior

Vault maps used:
D:1:      dpeg_arrival_chase, grunt_decor_arrowhead, st_stairs_10,
          kennysheep_pointless_box, serial_bayou_lagoon_a
D:2:      minmay_misc_feat_encased
D:3:      serial_forest, infiniplex_forest_straight_2, infiniplex_forest_end_1,
          infiniplex_forest_straight_4, infiniplex_forest_lined_room_2,
          infiniplex_forest_lined_3, infiniplex_forest_clump_medium,
          infiniplex_forest_lined_3_way, infiniplex_forest_lined_room_2

Action                   |  1- 3 |  4- 6 || total
-------------------------+-------+-------++-------
Melee: Short sword       |    42 |       ||    42
       Whip              |   141 |       ||   141
       Mace              |    22 |   148 ||   170
Evoke: Wand              |     5 |    14 ||    19
  Use: Scroll            |       |     3 ||     3
